 Dungeon Crawl Stone Soup version 0.27.1-3-gb3d3a73c9e (webtiles) character file.

Game seed: 4856663143812328725

49 Descartes the Bolt Thrower (level 4, 0/35 HPs)
             Began as a Formicid Wanderer on Oct 16, 2021.
             Slain by an adder (2 damage)
             ... on level 3 of the Dungeon.
             The game lasted 00:03:39 (2594 turns).

Descartes the Bolt Thrower (Formicid Wanderer)      Turns: 2594, Time: 00:03:39

Health: 0/35       AC:  5    Str: 19    XL:     4   Next: 2%
Magic:  4/4        EV:  8    Int: 13    God:
Gold:   46         SH:  8    Dex:  7    Spells: 3/3 levels left

rFire    . . .     SeeInvis +   b - +0 club
rCold    . . .     Faith    .   i - +0 kite shield
rNeg     . . .     Spirit   .   c - +0 ring mail
rPois    .         Reflect  .   (helmet unavailable)
rElec    .         Harm     .   (no cloak)
rCorr    .         Rampage  .   (no gloves)
Will     .....                  (no boots)
Stlth    ..........             (no amulet)
HPRegen  0.11/turn              (no ring)
MPRegen  0.09/turn              (no ring)

@: no status effects
A: permanent stasis, dig shafts and tunnels, antennae 3, four strong arms
a: Dig, Shaft Self


You were on level 3 of the Dungeon.
You visited 1 branch of the dungeon, and saw 3 of its levels.

You collected 46 gold pieces.

Inventory:

Hand Weapons
 a - a +2 hand crossbow
 b - a +0 club (weapon)
Missiles
 e - 24 bolts
 g - 20 stones (quivered)
 m - 29 sling bullets
Armour
 c - a +0 ring mail (worn)
 i - a +0 kite shield (worn)
Jewellery
 f - a ring of fire
Scrolls
 h - 3 scrolls of acquirement {unknown}
 k - a scroll of noise {unknown}
 l - a scroll of enchant weapon {unknown}
 o - a scroll of identify {unknown}
Potions
 d - a potion of curing
 j - a potion of flight {unknown}
 n - a potion of attraction {unknown}


   Skills:
 - Level 3.2 Fighting
 + Level 3.5 Crossbows
 + Level 3.1 Armour
 + Level 2.5 Shields
 - Level 1.1 Evocations


You had 3 spell levels left.
You didn't know any spells.
Your spell library contained the following spells:

 Spells                   Type           Power      Damage    Failure   Level
 Summon Ice Beast         Ice/Summ       0%         N/A       100%        4
 Summon Mana Viper        Hex/Summ       0%         N/A       100%        5
 Monstrous Menagerie      Summ           0%         N/A       100%        7


Dungeon Overview and Level Annotations

Branches:
Dungeon (3/15)

Altars:
Beogh

Shops:
D:2 (


Innate Abilities, Weirdness & Mutations

You cannot be hasted, slowed, berserked, paralysed or teleported.
You can dig through walls and to a lower floor.
You have a pair of large antennae on your head. (SInv)
Your four strong arms can wield two-handed weapons with a shield.


Message History

You are too injured to fight recklessly!
You are too injured to fight recklessly!
You are too injured to fight recklessly!
You are too injured to fight recklessly!
You feel sick.
You miss the adder.
The adder is heavily wounded.
You feel sick. The adder closely misses you. x2
You closely miss the adder.
The adder is heavily wounded.
You feel sick.
You are no longer poisoned.
The adder bites you but does no damage. x2
You miss the adder.
The adder is heavily wounded.
You block the adder's attack. The adder bites you.
You are poisoned.
The adder poisons you!
You closely miss the adder.
The adder is heavily wounded.
You feel sick. You block the adder's attack. The adder bites you.
* * * LOW HITPOINT WARNING * * *
You hit the adder.
The adder is almost dead.
* * * LOW HITPOINT WARNING * * *
You feel sick. You block the adder's attack. The adder barely misses you.
You closely miss the adder.
The adder is almost dead.
You feel sick. The adder barely misses you.
The adder bites you but does no damage.
You hit the adder but do no damage.
The adder is almost dead.
* * * LOW HITPOINT WARNING * * *
You feel sick.
You are no longer poisoned.
The adder closely misses you. The adder bites you but does no damage.
You block the adder's attack.
There is a stone staircase leading up here.
The adder barely misses you. The adder bites you.
You die...

#....# #....#
#....###
#......#
#....#.#
#....#.#
#....#.#
#....S@#
#....###
##.### #.#
#.#
............#
.######.#####
... ...


You could see an adder.

Vanquished Creatures
  2 worms (D:2)
  A dart slug (D:1)
  4 ball pythons
  3 endoplasms
  4 giant cockroaches (D:1)
  7 goblins
  4 hobgoblins
  5 jackals
  A bat (D:2)
  2 kobolds (D:1)
  4 rats (D:1)
37 creatures vanquished.

Notes
Turn   | Place    | Note
-------+----------+-------------------------------------------
     0 | D:1      | Descartes the Formicid Wanderer began the quest for the
                  | Orb.
     0 | D:1      | Descartes set off with the following items: a +2 hand
                  | crossbow, 24 bolts, a +0 ring mail, a potion of curing
     0 | D:1      | Reached XP level 1. HP: 18/18 MP: 1/1
   260 | D:1      | Found a faded altar of an unknown god.
   360 | D:1      | Reached XP level 2. HP: 24/24 MP: 2/2
   851 | D:1      | Reached XP level 3. HP: 25/29 MP: 3/3
  1888 | D:2      | Found Qukliar's Antique Weapon Boutique.
  2030 | D:2      | Reached XP level 4. HP: 16/35 MP: 4/4
  2594 | D:3      | Slain by an adder

Illustrated notes

Levels and vault maps discovered:
D:1:      amcnicky_arrival_choice, layout_rooms,
          hellmonk_ecumenical_altar_defaced_shrine, minmay_tree_intersection
D:2:      layout_loops_ring, serial_shops, nicolae_shop_crystal
D:3:      layout_basic, serial_shops, nicolae_shop_trees

Skill      XL: |  1  2  3 |
---------------+----------+-----
Shields        | 2 |  2.5
Armour         | 3 |  3.1
Fighting       | |  3.2
Crossbows      | |  3.5
Evocations     | |  1.1

Action                   |  1- 3 |  4- 6 || total
-------------------------+-------+-------++-------
Melee: Club              |   204 |    20 ||   224
 Fire: Hand crossbow     |     1 |       ||     1
Armor: Ring mail         |   104 |    11 ||   115
Dodge: Dodged            |    91 |    12 ||   103
Block: Kite shield       |    56 |    13 ||    69
